 Dungeon Crawl Stone Soup version 0.24.1-14-gf8d2b509d9 (webtiles) character file.

Game seed: 6852708012980384210, levelgen mode: deterministic

39 gzilladon the Charmwright (level 3, -1/28 HPs)
             Began as a Merfolk Skald on Mar 23, 2022.
             Slain by a gnoll
             ... wielding a +0 flail
              (9 damage)
             ... on level 2 of the Dungeon.
             The game lasted 00:15:17 (1589 turns).

gzilladon the Charmwright (Merfolk Skald)           Turns: 1589, Time: 00:15:17

Health: -1/28      AC:  3    Str: 12    XL:     3   Next: 45%
Magic:  6/6        EV: 13    Int: 12    God:
Gold:   39         SH:  0    Dex: 13    Spells: 5/6 levels left

rFire    . . .     SeeInvis .   a - +0 spear
rCold    . . .     Gourm    .   (no shield)
rNeg     . . .     Faith    .   b - +0 leather armour
rPois    .         Spirit   .   (no helmet)
rElec    .         Reflect  .   (no cloak)
rCorr    .         Harm     .   (no gloves)
MR       .....                  (no boots)
Stlth    +.........             (no amulet)
HPRegen  0.09/turn              (no ring)
MPRegen  0.10/turn              (no ring)

@: no status effects
A: change form in water, swift swim, stealthy swim
a: no special abilities


You were on level 2 of the Dungeon.
You were not hungry.

You visited 1 branch of the dungeon, and saw 2 of its levels.

You collected 39 gold pieces.

Inventory:

Hand Weapons
 a - a +0 spear (weapon)
Missiles
 e - 90 stones (quivered)
 h - 21 bolts
Armour
 b - a +0 leather armour (worn)
Jewellery
 k - a +5 ring of strength {unknown}
Scrolls
 f - a scroll of noise {unknown}
 g - a scroll of remove curse {unknown}
 i - a scroll of teleportation {unknown}
 j - a scroll of amnesia {unknown}
 n - a scroll of blinking {unknown}
 o - a scroll of enchant armour {unknown}
Potions
 c - a potion of curing {unknown}
 l - a potion of lignification {unknown}
 m - 2 potions of haste {unknown}


   Skills:
 + Level 2.6 Fighting
 + Level 3.5 Polearms
 + Level 1.0 Armour
 + Level 3.2 Dodging
 + Level 0.1 Stealth
 + Level 2.2 Spellcasting
 + Level 3.6 Charms


You had 5 spell levels left.
You knew the following spells:

 Your Spells              Type           Power        Failure   Level  Hunger
a - Infusion              Chrm           ##..         8%          1    ##.....

Your spell library contained the following spells:

 Spells                   Type           Power        Failure   Level  Hunger
 Song of Slaying          Chrm           ##......     12%         2    ###....
 Shroud of Golubria       Chrm/Tloc      #.....       24%         2    ###....
 Regeneration             Chrm/Necr      #.........   43%         3    ####...
 Spectral Weapon          Hex/Chrm       #.......     43%         3    ####...


Dungeon Overview and Level Annotations

Branches:
Dungeon (2/15)

Altars:


Message History

You hit the gnoll.
The gnoll is heavily wounded.
A gnoll comes into view.
The gnoll hits you with a +0 flail!
You barely miss the gnoll.
The gnoll is heavily wounded.
The gnoll shouts!
You hit the gnoll.
The gnoll is heavily wounded.
The gnoll hits you with a +0 flail. The gnoll hits you.
You barely miss the gnoll.
The gnoll is heavily wounded.
The gnoll barely misses you. The hobgoblin hits you.
The gnoll completely misses you. The gnoll barely misses you.
The hobgoblin closely misses you. The gnoll barely misses you.
The hobgoblin misses you. The gnoll hits you.
* * * LOW HITPOINT WARNING * * *
The gnoll hits you with a +0 flail!
You die...

##. .... ##.)#
########....
#........#
#........#
#........#..
###g............
#.@gg......#...#
#.#.g......####.
#.#...........
#.###..##.####
#.###.###.#
#.........#
#####.##### #.#
#.#


You could see 3 gnolls and a hobgoblin.

Vanquished Creatures
  An ooze (D:1)
  A dart slug (D:1)
  3 leopard geckos (D:1)
  2 ball pythons (D:1)
  A giant cockroach (D:1)
  3 goblins (D:1)
  6 hobgoblins
  4 bats (D:1)
  2 kobolds (D:1)
  6 rats (D:1)
29 creatures vanquished.

Notes
Turn   | Place    | Note
-------+----------+-------------------------------------------
     0 | D:1      | gzilladon the Merfolk Skald began the quest for the Orb.
     0 | D:1      | Reached XP level 1. HP: 16/16 MP: 3/3
   260 | D:1      | Reached XP level 2. HP: 10/22 MP: 5/5
  1065 | D:1      | Reached XP level 3. HP: 28/28 MP: 6/6
  1127 | D:1      | Reached skill level 1 in Armour
  1589 | D:2      | Slain by a gnoll

Levels and vault maps discovered:
D:1:      lightli_arrival_farm, layout_basic, minmay_split_cup_small
D:2:      layout_loops_corners, lemuel_doored_altar, first_ration, st_stairs_3,
          uniq_jessica

Skill      XL: |  1  2  3 |
---------------+----------+-----
Dodging        | 3 |  3.2
Armour         | 1 |  1.0
Fighting       | |  2.6
Polearms       | |  3.5
Stealth        | |  0.1
Spellcasting   | |  2.2
Charms         | |  3.6

Action                   || total
-------------------------++-------
Melee: Spear             ||   124
Throw: Stone             ||     4
  Eat: Ration            ||     1
Armor: Leather armour    ||    29
Dodge: Dodged            ||    81
